[Event "Oslo Chess Festival 2017"]
[Site "Oslo"]
[Date "2017.09.29"]
[Round "1"]
[White "Vogt, Lothar"]
[Black "Aure, Anders Nilsson"]
[Result "1-0"]
[ECO "B70"]
[WhiteElo "2401"]
[BlackElo "1803"]
[Annotator "ChessBase"]
[PlyCount "95"]
[EventDate "2017.??.??"]
[EventType "swiss"]
[EventCountry "NOR"]
[SourceTitle "playchess.com"]
[Source "ChessBase"]
[SourceQuality "1"]
[TimeControl "5400+30"]

1. e4 c5 2. Nf3 d6 3. d4 Nf6 4. Nc3 cxd4 5. Nxd4 g6 6. Be2 Bg7 7. O-O O-O 8. Re1 Nc6 9. Nb3 Be6 10. Bf1 Rc8 11. Nd5 Bxd5 12. exd5 Ne5 13. Be3 a6 14. c3 Re8 15. a4 Nc4 16. Bxc4 Rxc4 17. Qd3 Rc8 18. Bd4 Nd7 19. Bxg7 Kxg7 20. Re4 Ne5 21. Qe2 Qb6 22. Rb4 Qc7 23. Nd2 Rb8 24. h3 Qc5 25. Qe4 f5 26. Qd4 Qxd4 27. Rxd4 b5 28. axb5 axb5 29. b3 Rec8 30. f4 Nf7 31. Rd3 Ra8 32. Re1 Ra7 33. Nf3 Rac7 34. Ree3 Rb8 35. Nd4 Nd8 36. Kf2 Kf7 37. g4 Ra7 38. gxf5 Ra2+ 39. Re2 Rxe2+ 40. Kxe2 gxf5 41. Nxf5 Kf6 42. Nd4 Nb7 43. b4 Nd8 44. Re3 Rb7 45. Kd3 Kf7 46. Re2 Kg6 47. Ra2 Nf7 48. Ra5 1-0

[Event "Oslo Chess Festival 2017"]
[Site "Oslo"]
[Date "2017.09.29"]
[Round "1"]
[White "Haug, Johannes"]
[Black "Sidali, Elias Hulleberg"]
[Result "1-0"]
[ECO "E16"]
[WhiteElo "2379"]
[BlackElo "1763"]
[Annotator "NA"]
[PlyCount "52"]
[EventDate "2017.??.??"]
[EventType "swiss"]
[EventCountry "NOR"]
[SourceTitle "playchess.com"]
[Source "ChessBase"]
[SourceQuality "1"]
[TimeControl "5400+30"]

1. d4 Nf6 2. c4 e6 3. Nf3 b6 4. g3 Bb7 5. Bg2 Bb4+ 6. Bd2 Bxd2+ 7. Qxd2 O-O 8. O-O d6 9. Qc2 Nbd7 10. Nc3 e5 11. e4 Re8 12. Rfe1 Qe7 13. Nd5 Qd8 14. Rad1 exd4 15. Nxd4 Nxd5 16. cxd5 a5 17. b3 Nc5 18. a3 Qd7 19. b4 axb4 20. axb4 Na4 21. Rc1 Rec8 22. h4 b5 23. Kh2 Nb6 24. Bh3 Qe8 25. Bxc8 Rxc8 26. Qe2 Nc4 1-0

[Event "Oslo Chess Festival 2017"]
[Site "Oslo"]
[Date "2017.09.29"]
[Round "1"]
[White "Devereaux, Maxim L"]
[Black "Ali, Karim"]
[Result "1-0"]
[ECO "A18"]
[WhiteElo "2357"]
[BlackElo "1755"]
[Annotator "NA"]
[PlyCount "53"]
[EventDate "2017.??.??"]
[EventType "swiss"]
[EventCountry "NOR"]
[SourceTitle "playchess.com"]
[Source "ChessBase"]
[SourceQuality "1"]
[TimeControl "5400+30"]

1. c4 Nf6 2. Nc3 e6 3. e4 d5 4. e5 Ng8 5. d4 c6 6. Nf3 Nd7 7. cxd5 exd5 8. Bd3 Be7 9. O-O Nf8 10. h3 Nh6 11. Qc2 Qd7 12. Bg5 Bxg5 13. Nxg5 Nf5 14. e6 fxe6 15. Bxf5 exf5 16. Rfe1+ Kd8 17. Re2 h6 18. Nf3 Ng6 19. Rae1 Qf7 20. Ne5 Nxe5 21. Rxe5 Bd7 22. Qb3 Rb8 23. Qa3 Kc7 24. Re7 Qf6 25. Qa5+ Kc8 26. Nb5 b6 27. Qa6+ 1-0

[Event "Oslo Chess Festival 2017"]
[Site "Oslo"]
[Date "2017.09.29"]
[Round "1"]
[White "Chu, Wei Chao"]
[Black "Roque Sola, Maria Fernanda"]
[Result "1-0"]
[ECO "B31"]
[WhiteElo "2340"]
[BlackElo "1746"]
[Annotator "ChessBase"]
[PlyCount "69"]
[EventDate "2017.??.??"]
[EventType "swiss"]
[EventCountry "NOR"]
[SourceTitle "playchess.com"]
[Source "ChessBase"]
[SourceQuality "1"]
[TimeControl "5400+30"]

1. Nf3 c5 2. e4 Nc6 3. Bb5 g6 4. O-O Bg7 5. Re1 e5 6. Bxc6 bxc6 7. d3 Qb6 8. Na3 Ne7 9. Nc4 Qc7 10. Be3 d6 11. a3 a5 12. Qd2 O-O 13. b4 axb4 14. axb4 Rxa1 15. Rxa1 d5 16. Na5 d4 17. Bh6 cxb4 18. Bxg7 Kxg7 19. Qxb4 c5 20. Qa3 Bg4 21. Nd2 Ra8 22. Ndb3 Rc8 23. Nc4 Be6 24. Qa6 Rb8 25. h3 Rb4 26. Nba5 Bxc4 27. Nxc4 Nc8 28. Qa5 Nb6 29. g3 h6 30. Kg2 h5 31. h4 Kg8 32. Nd2 Rb2 33. Nf3 Rxc2 34. Rb1 Nd5 35. Qa8+ 1-0

[Event "Oslo Chess Festival 2017"]
[Site "Oslo"]
[Date "2017.09.29"]
[Round "1"]
[White "Mikalsen, Erlend"]
[Black "Schouten, Mathias Lind"]
[Result "1-0"]
[ECO "C63"]
[WhiteElo "2322"]
[BlackElo "1718"]
[Annotator "NA"]
[PlyCount "71"]
[EventDate "2017.??.??"]
[EventType "swiss"]
[EventCountry "NOR"]
[SourceTitle "playchess.com"]
[Source "ChessBase"]
[SourceQuality "1"]
[TimeControl "5400+30"]

1. e4 e5 2. Nf3 Nc6 3. Bb5 f5 4. Nc3 fxe4 5. Nxe4 Nf6 6. Nxf6+ Qxf6 7. O-O d6 8. d4 Bd7 9. Re1 Be7 10. Bg5 Qf5 11. Bxe7 e4 12. Bxc6 bxc6 13. Bh4 d5 14. Ne5 O-O 15. Nxd7 Qxd7 16. Bg3 Rab8 17. b3 Rf7 18. Rc1 Rf6 19. c4 Rc8 20. Qd2 a6 21. Qa5 dxc4 22. Rxc4 Qd5 23. Qxa6 Rcf8 24. Qa7 Qf5 25. Rcc1 e3 26. Rxe3 Qg5 27. Rce1 h5 28. h4 Qg4 29. Qxc7 Rg6 30. Re4 Qf5 31. Rf4 Qd5 32. Rxf8+ Kxf8 33. Qc8+ Kf7 34. Qe8+ Kf6 35. Qe7+ Kf5 36. Qf8+ 1-0

[Event "Oslo Chess Festival 2017"]
[Site "Oslo"]
[Date "2017.09.29"]
[Round "1"]
[White "Jarve, Edvin"]
[Black "Pigott, John C"]
[Result "0-1"]
[ECO "D91"]
[WhiteElo "1805"]
[BlackElo "2408"]
[Annotator "RC"]
[PlyCount "70"]
[EventDate "2017.??.??"]
[EventType "swiss"]
[EventCountry "NOR"]
[SourceTitle "playchess.com"]
[Source "ChessBase"]
[SourceQuality "1"]
[TimeControl "5400+30"]

1. d4 Nf6 2. c4 g6 3. Nc3 d5 4. Nf3 Bg7 5. Bg5 Ne4 6. Bh4 Nxc3 7. bxc3 dxc4 8. Qa4+ Nd7 9. Qxc4 c5 10. e3 cxd4 11. cxd4 Qa5+ 12. Nd2 e5 13. Rc1 O-O 14. Be7 Re8 15. Bb4 Qd8 16. dxe5 Nxe5 17. Qc7 Qh4 18. Bb5 Qxb4 19. Bxe8 Nd3+ 20. Ke2 Nxc1+ 21. Rxc1 Be6 22. Bd7 Qg4+ 23. f3 Qxg2+ 24. Kd3 Bxd7 25. Qxd7 Qxh2 26. Rc7 Rf8 27. Rxb7 a5 28. a4 Qh4 29. Ke2 h5 30. Qc7 Qxa4 31. Ra7 Qb5+ 32. Kf2 Qb2 33. Ke2 Bc3 34. Qd7 a4 35. Rb7 Qxd2+ 0-1

[Event "Oslo Chess Festival 2017"]
[Site "Oslo"]
[Date "2017.09.29"]
[Round "1"]
[White "Wright, Haakon"]
[Black "Stark, Lars"]
[Result "0-1"]
[ECO "D00"]
[WhiteElo "1795"]
[BlackElo "2397"]
[Annotator "NA"]
[PlyCount "56"]
[EventDate "2017.??.??"]
[EventType "swiss"]
[EventCountry "NOR"]
[SourceTitle "playchess.com"]
[Source "ChessBase"]
[SourceQuality "1"]
[TimeControl "5400+30"]

1. d4 Nf6 2. Bf4 e6 3. e3 c5 4. c3 Nc6 5. Nd2 d5 6. Bd3 Bd6 7. Bg3 e5 8. dxe5 Nxe5 9. Bb5+ Bd7 10. Bxd7+ Qxd7 11. Ndf3 Nc4 12. Bxd6 Qxd6 13. Qa4+ Ke7 14. b3 Ne5 15. Nxe5 Qxe5 16. Ne2 Rhd8 17. Qb5 b6 18. O-O Ng4 19. g3 Rd6 20. Qa4 Qh5 21. h4 Ne5 22. Nf4 Qf3 23. Qb5 Rf6 24. Rad1 Rd8 25. e4 Rxf4 26. exd5 Rxh4 27. d6+ Rxd6 28. gxh4 Rg6+ {[%emt 0:00:09] 0} 0-1

[Event "Oslo Chess Festival 2017"]
[Site "Oslo"]
[Date "2017.09.29"]
[Round "1"]
[White "Markussen, Petter B"]
[Black "Ernst, Thomas"]
[Result "0-1"]
[ECO "A21"]
[WhiteElo "1756"]
[BlackElo "2371"]
[Annotator "NA"]
[PlyCount "44"]
[EventDate "2017.??.??"]
[EventType "swiss"]
[EventCountry "NOR"]
[SourceTitle "playchess.com"]
[Source "ChessBase"]
[SourceQuality "1"]
[TimeControl "5400+30"]

1. c4 e5 2. Nc3 d6 3. Nf3 f5 4. d4 e4 5. Ng5 Nf6 6. Nh3 c6 7. Bg5 h6 8. Bxf6 Qxf6 9. e3 Na6 10. Be2 g6 11. Nf4 h5 12. h4 Nc7 13. f3 exf3 14. Bxf3 Ne6 15. Qa4 Nxf4 16. Bxc6+ Kf7 17. exf4 bxc6 18. Qxc6 Qe7+ 19. Kf2 Rb8 20. Rae1 Rxb2+ 21. Kg3 Qd7 22. Qd5+ Kg7 0-1

[Event "Oslo Chess Festival 2017"]
[Site "Oslo"]
[Date "2017.09.29"]
[Round "1"]
[White "Mikelsen, Mattis"]
[Black "Maksimovic, Branimir"]
[Result "0-1"]
[ECO "B22"]
[WhiteElo "1754"]
[BlackElo "2343"]
[Annotator "NA"]
[PlyCount "54"]
[EventDate "2017.??.??"]
[EventType "swiss"]
[EventCountry "NOR"]
[SourceTitle "playchess.com"]
[Source "ChessBase"]
[SourceQuality "1"]
[TimeControl "5400+30"]

1. e4 c5 2. d4 cxd4 3. c3 d5 4. exd5 Qxd5 5. cxd4 Nc6 6. Nf3 e5 7. Nc3 Bb4 8. dxe5 Qxd1+ 9. Kxd1 Nge7 10. Bf4 Ng6 11. Bg3 Bg4 12. Kc2 O-O 13. Re1 Rac8 14. Bd3 Bxf3 15. gxf3 Nd4+ 16. Kb1 Bxc3 17. bxc3 Rxc3 18. Re3 Rfc8 19. Rd1 R3c6 20. Bxg6 Rb6+ 21. Rb3 Nxb3 22. Bxh7+ Kxh7 23. axb3 Rxb3+ 24. Ka2 Rxf3 25. Rd7 Rc2+ 26. Kb1 Rc6 27. Rxb7 Rb6+ 0-1